 Dungeon Crawl Stone Soup version 0.31-a0-177-g4aa6249778 (webtiles) character file.

Game seed: 16571614510726086178

385 qw the Shooter (level 6, 0/57 HPs)
             Began as a Naga Hunter on June 18, 2023.
             Slain by a shadow imp (3 damage)
             ... summoned by Eustachio
             ... on level 5 of the Dungeon.
             The game lasted 00:01:59 (4401 turns).

qw the Shooter (Naga Hunter)                        Turns: 4401, Time: 00:02:00

Health: 0/57       AC:  5    Str: 14    XL:     6   Next: 77%
Magic:  6/6        EV:  9    Int:  9    God:
Gold:   192        SH:  4    Dex: 16    Spells: 5/5 levels left

rFire   + + .        Y - +1 shortbow
rCold   . . .        (shield currently unavailable)
rNeg    . . .        c - +0 leather armour
rPois   +            (no helmet)
rElec   .            a - scarf {rC+ rF+}
rCorr   .            (no gloves)
SInv    +            (no barding)
Will    .....        f - amulet of the acrobat
Stlth   ++           l - ring of protection from fire
HPRegen 0.29/turn    (no ring)
MPRegen 0.10/turn

%: acrobat
@: short of breath, very slow
A: AC +2, large, see invisible, deformed body, poison resistance, slowness 2,
spit poison 1, naga tail 1, iridescent scales 1, large bone plates 1, cold
vulnerability 1, inability to drink after injury 1
a: Spit Poison


You were on level 5 of the Dungeon.
You visited 2 branches of the dungeon, and saw 6 of its levels.

You collected 192 gold pieces.


Innate Abilities, Weirdness & Mutations

Your serpentine skin is tough. (AC +2)
You have supernaturally acute eyesight. (SInv)
Armour fits poorly on your strangely shaped body.
Your system is resistant to poisons. (rPois)
You cover ground very slowly.
You can spit poison.
You have a snake-like lower body.
You are partially covered in iridescent scales. (AC +2)
You are partially covered in large bone plates. (SH +4)
You are vulnerable to cold. (rC-)
You occasionally lose the ability to drink potions when taking damage.


   Skills:
 - Level 4.1 Fighting
 + Level 6.3 Ranged Weapons
 - Level 1.5 Dodging
 - Level 1.5 Stealth


You had 5 spell levels left.
You didn't know any spells.
Your spell library was empty.

Inventory:

Hand Weapons
 Y - a +1 shortbow (weapon)
Armour
 a - a scarf of resistance (worn)
 c - a +0 leather armour (worn)
 i - a +0 cloak
Jewellery
 f - an amulet of the acrobat (around neck)
 l - a ring of protection from fire (left hand)
Scrolls
 e - a scroll of enchant armour
 g - a scroll of identify
Potions
 b - a potion of enlightenment
 h - 3 potions of curing
 j - 2 potions of haste

Dungeon Overview and Level Annotations

Branches:
Dungeon (5/15)             Temple (1/1) D:4

Altars:
Ashenzari
Cheibriados
Dithmenos
Elyvilon
Fedhas
Gozag
Hepliaklqana
Kikubaaqudgha
Makhleb
Ru
Sif Muna
Trog
Uskayaw
Vehumet
Wu Jian
Yredelemnul
Zin
The Shining One

Shops:
D:1 (

Annotations:
D:4 3 runed translucent doors, qw's ghost, amateur GrFi
D:5 Eustachio


Message History

You shoot an arrow. The arrow hits the iron imp!
The iron imp is heavily wounded.
The crimson imp blinks!
The shadow imp barely misses you. The iron imp hits you.
The shadow imp hits you.
You shoot an arrow. The arrow hits the iron imp.
The iron imp is almost dead.
The iron imp hits you but does no damage.
You shoot an arrow.
The arrow hits the iron imp but does no damage.
The iron imp is almost dead.
The iron imp hits you.
You shoot an arrow. The arrow hits the iron imp!
You kill the iron imp!
The iron imp disappears in a puff of smoke!
You have got your breath back.
Eustachio mumbles some strange words.
Eustachio blinks!
The crimson imp hits you but does no damage.
You block the shadow imp's attack.
You shoot an arrow.
The arrow closely misses the crimson imp.
The shadow imp hits you but does no damage.
The crimson imp hits you but does no damage.
You shoot an arrow.
The arrow closely misses the crimson imp.
Eustachio looks more healthy.
The crimson imp blinks!
The shadow imp hits you.
Eustachio growls, "To hell with you, honourless miscreant!"
4400 ||| INVOKING Spit Poison.
Aiming: Spit Poison (1% risk of failure)
Press: ? - help, Shift-Dir - straight line, f - Eustachio, p - crimson imp The splash of poison hits Eustachio but does no damage.
Eustachio is poisoned.
Eustachio is heavily wounded.
The shadow imp barely misses you.
Eustachio gestures wildly while chanting.
Eustachio blinks!
You shoot an arrow.
The arrow closely misses the shadow imp.
The shadow imp hits you.
You die...

#.........####
#.........#..#
>............#
@............#
#.......5.)..#
#........<.##
#.........##
###.....5###
......ยค@##
.####....#
###....
##..... .....#
......#
...#.## ....##


You could see Eustachio (poisoned), a crimson imp (summoned) and a shadow imp
(summoned).

Vanquished Creatures
  An ogre (D:5)
  A phantom (D:4)
  A howler monkey (D:4)
  An iguana (D:4)
  7 gnolls
  2 adders
  2 worms (D:2)
  A dart slug (D:1)
  2 orcs (D:3)
  4 endoplasms
  9 giant cockroaches
  12 goblins
  3 hobgoblins
  6 kobolds
  9 quokkas
  2 ball pythons
  6 bats
  2 frilled lizards
  5 rats
76 creatures vanquished.

Notes
Turn   | Place    | Note
-------+----------+-------------------------------------------
     0 | D:1      | qw the Naga Hunter began the quest for the Orb.
     0 | D:1      | Reached XP level 1. HP: 19/19 MP: 1/1
     0 | D:1      | 0 ||| qw: Version: 0.3-a-5-g6f28e65
     0 | D:1      | 0 ||| qw: Game counter: 658
     0 | D:1      | 0 ||| qw: Always use a shield: true
     0 | D:1      | 0 ||| qw: God list: Okawaru
     0 | D:1      | 0 ||| qw: Allow faded altars: false
     0 | D:1      | 0 ||| qw: Do Orc after D:15 true
     0 | D:1      | 0 ||| qw: Do second Lair branch before Depths: true
     0 | D:1      | 0 ||| qw: Lair rune preference: random
     0 | D:1      | 0 ||| qw: Plans: Normal
     0 | D:1      | 0 ||| PLANNING D:1-11
    15 | D:1      | 15 ||| INVOKING Spit Poison.
    30 | D:1      | 30 ||| INVOKING Spit Poison.
    33 | D:1      | 33 ||| INVOKING Spit Poison.
   378 | D:1      | 378 ||| INVOKING Spit Poison.
   379 | D:1      | Reached skill level 4 in Ranged Weapons
   379 | D:1      | Reached XP level 2. HP: 26/26 MP: 2/2
   390 | D:1      | Found Puhiev's Weapon Boutique.
   453 | D:1      | 453 ||| INVOKING Spit Poison.
   490 | D:1      | 490 ||| INVOKING Spit Poison.
   495 | D:1      | 495 ||| INVOKING Spit Poison.
   619 | D:1      | 619 ||| INVOKING Spit Poison.
   746 | D:1      | 746 ||| UPGRADING to amulet of the acrobat.
   751 | D:1      | 751 ||| READING scroll labelled FUREQA YFIOVVES.
   852 | D:1      | 852 ||| READING scroll labelled YCZUR UROD.
   853 | D:1      | 853 ||| READING scroll labelled LUGUNE ABUAHUNOH.
   854 | D:1      | 854 ||| READING scroll labelled PEKHLYI YPLASOS.
   855 | D:1      | 855 ||| READING scroll labelled KASTRI OSTRIMAO.
   905 | D:1      | 905 ||| DRINKING 2 emerald potions.
   906 | D:1      | 906 ||| DRINKING 2 yellow potions.
   906 | D:1      | Gained mutation: Your spells are a little harder to cast,
                  | but a little more powerful. [potion of mutation]
   906 | D:1      | Gained mutation: You are partially covered in iridescent
                  | scales. (AC +2) [potion of mutation]
   906 | D:1      | Gained mutation: You are vulnerable to cold. (rC-) [potion
                  | of mutation]
   906 | D:1      | Gained mutation: You are mostly covered in iridescent
                  | scales. (AC +4) [potion of mutation]
   907 | D:1      | 907 ||| DRINKING potion of mutation.
   907 | D:1      | Lost mutation: Your spells are a little harder to cast, but
                  | a little more powerful. [potion of mutation]
   907 | D:1      | Lost mutation: You are mostly covered in iridescent scales.
                  | (AC +4) [potion of mutation]
   907 | D:1      | Gained mutation: You are partially covered in large bone
                  | plates. (SH +4) [potion of mutation]
   907 | D:1      | Gained mutation: You occasionally lose the ability to drink
                  | potions when taking damage. [potion of mutation]
   908 | D:1      | 908 ||| DROPPING scroll of butterflies.
   973 | D:2      | 973 ||| INVOKING Spit Poison.
   985 | D:2      | 985 ||| INVOKING Spit Poison.
  1027 | D:2      | 1027 ||| INVOKING Spit Poison.
  1053 | D:2      | 1053 ||| INVOKING Spit Poison.
  1058 | D:2      | Reached XP level 3. HP: 32/32 MP: 3/3
  1234 | D:2      | 1234 ||| INVOKING Spit Poison.
  1240 | D:2      | 1240 ||| INVOKING Spit Poison.
  1245 | D:2      | 1245 ||| INVOKING Spit Poison.
  1276 | D:2      | 1276 ||| INVOKING Spit Poison.
  1298 | D:2      | 1298 ||| INVOKING Spit Poison.
  1304 | D:2      | 1304 ||| INVOKING Spit Poison.
  1311 | D:2      | Found a faded altar of an unknown god.
  1361 | D:2      | 1361 ||| INVOKING Spit Poison.
  1366 | D:2      | 1366 ||| INVOKING Spit Poison.
  1372 | D:2      | 1372 ||| INVOKING Spit Poison.
  1476 | D:2      | 1476 ||| INVOKING Spit Poison.
  1493 | D:2      | 1493 ||| INVOKING Spit Poison.
  1496 | D:2      | 1496 ||| INVOKING Spit Poison.
  1499 | D:2      | Reached skill level 5 in Ranged Weapons
  1499 | D:2      | Reached XP level 4. HP: 33/39 MP: 4/4
  1500 | D:2      | 1500 ||| INVOKING Spit Poison.
  1506 | D:2      | 1506 ||| INVOKING Spit Poison.
  1513 | D:2      | 1513 ||| INVOKING Spit Poison.
  1595 | D:2      | 1595 ||| INVOKING Spit Poison.
  1872 | D:2      | 1872 ||| UPGRADING to scarf of resistance.
  1907 | D:3      | 1907 ||| PLANNING SEWER
  1914 | D:3      | 1914 ||| INVOKING Spit Poison.
  1921 | D:3      | 1921 ||| INVOKING Spit Poison.
  1922 | D:3      | Reached skill level 3 in Fighting
  1965 | D:3      | 1965 ||| INVOKING Spit Poison.
  1968 | D:3      | 1968 ||| INVOKING Spit Poison.
  1974 | D:3      | 1974 ||| INVOKING Spit Poison.
  1975 | D:3      | Reached XP level 5. HP: 34/49 MP: 5/5
  1979 | D:3      | 1979 ||| INVOKING Spit Poison.
  2117 | D:3      | 2117 ||| INVOKING Spit Poison.
  2181 | D:3      | 2181 ||| INVOKING Spit Poison.
  2199 | D:3      | 2199 ||| INVOKING Spit Poison.
  2200 | D:3      | 2200 ||| INVOKING Spit Poison.
  2320 | D:3      | 2320 ||| INVOKING Spit Poison.
  2396 | D:3      | 2396 ||| INVOKING Spit Poison.
  2400 | D:3      | 2400 ||| RIP SEWER
  2468 | D:3      | 2468 ||| PLANNING D:1-11
  2710 | D:3      | Found a glowing silver altar of Zin.
  2710 | D:3      | Found a burning altar of Makhleb.
  2711 | D:3      | Noticed a blizzard demon
  2711 | D:3      | Noticed an angel
  2874 | D:3      | 2874 ||| INVOKING Spit Poison.
  2877 | D:3      | 2877 ||| INVOKING Spit Poison.
  2889 | D:3      | 2889 ||| INVOKING Spit Poison.
  2894 | D:3      | 2894 ||| INVOKING Spit Poison.
  2898 | D:3      | 2898 ||| INVOKING Spit Poison.
  2925 | D:3      | 2925 ||| READING 3 scrolls labelled YVIARE HEUSUHAS.
  2926 | D:3      | 2926 ||| READING scroll labelled WUPRAE LAICO.
  2931 | D:3      | 2931 ||| READING scroll labelled VETU YSSAKIBBU.
  2932 | D:3      | 2932 ||| READING scroll labelled CUIKIYFUNE.
  2933 | D:3      | 2933 ||| DRINKING 3 black potions.
  2934 | D:3      | 2934 ||| READING 2 scrolls of identify.
  2934 | D:3      | 2934 ||| IDENTIFYING lumpy brown potion
  2975 | D:4      | 2975 ||| INVOKING Spit Poison.
  3015 | D:4      | 3015 ||| INVOKING Spit Poison.
  3026 | D:4      | 3026 ||| INVOKING Spit Poison.
  3029 | D:4      | 3029 ||| INVOKING Spit Poison.
  3036 | D:4      | 3036 ||| INVOKING Spit Poison.
  3067 | D:4      | 3067 ||| INVOKING Spit Poison.
  3128 | D:4      | 3128 ||| INVOKING Spit Poison.
  3132 | D:4      | Found a runed translucent gate.
  3133 | D:4      | Found a runed translucent gate.
  3134 | D:4      | Found a runed translucent gate.
  3140 | D:4      | Noticed qw's ghost (amateur GrFi)
  3141 | D:4      | Noticed a kobold brigand
  3246 | D:4      | Noticed a phantom
  3259 | D:4      | Killed a phantom
  3260 | D:4      | Reached skill level 6 in Ranged Weapons
  3260 | D:4      | Reached XP level 6. HP: 45/56 MP: 6/6
  3335 | D:4      | 3335 ||| INVOKING Spit Poison.
  3420 | D:4      | 3420 ||| INVOKING Spit Poison.
  3427 | D:4      | 3427 ||| INVOKING Spit Poison.
  3430 | D:4      | 3430 ||| INVOKING Spit Poison.
  3540 | D:4      | Identified the +4 plate armour of the Shining Light {Str+6
                  | Dex-5}
  3558 | D:4      | 3558 ||| INVOKING Spit Poison.
  3586 | D:4      | Found a staircase to the Ecumenical Temple.
  3587 | D:4      | 3587 ||| PLANNING TEMPLE
  3587 | D:4      | 3587 ||| DROPPING ring of wizardry.
  3588 | D:4      | 3588 ||| UPGRADING to ring of protection from fire.
  3589 | D:4      | 3589 ||| READING 2 scrolls of identify.
  3589 | D:4      | 3589 ||| IDENTIFYING dark potion
  3598 | Temple   | Entered the Ecumenical Temple
  3649 | Temple   | 3649 ||| PLANNING D:1-11
  4361 | D:5      | Entered Level 5 of the Dungeon
  4364 | D:5      | 4364 ||| INVOKING Spit Poison.
  4374 | D:5      | Noticed Eustachio
  4375 | D:5      | 4375 ||| INVOKING Spit Poison.
  4378 | D:5      | 4378 ||| INVOKING Spit Poison.
  4384 | D:5      | 4384 ||| INVOKING Spit Poison.
  4387 | D:5      | 4387 ||| INVOKING Spit Poison.
  4390 | D:5      | HP: 13/57 [Eustachio/+0 rapier (4)]
  4391 | D:5      | 4391 ||| DRINKING potion of heal wounds.
  4392 | D:5      | 4392 ||| INVOKING Spit Poison.
  4396 | D:5      | HP: 5/57 [iron imp[Eustachio] (6)]
  4399 | D:5      | HP: 2/57 [shadow imp[Eustachio] (4)]
  4400 | D:5      | 4400 ||| INVOKING Spit Poison.
  4401 | D:5      | Slain by a shadow imp

Levels and vault maps discovered:
D:1:      dpeg_arrival_fog, layout_basic, serial_shops, shop, serial_curves,
          eino_curves_03, eino_curves_04, minmay_pentomino_q4
D:2:      minmay_chambers_of_twos, layout_basic,
          hellmonk_ecumenical_altar_prayer_group, grunt_ministairs_10,
          minmay_misc_feat_square, minmay_misc_feat_ornament
D:3:      layout_basic, grunt_temple_overflow_order_and_chaos_2,
          gup_sewer_entry_pipe
D:4:      layout_basic, temple_hall, gammafunk_ghost_nasty_kobolds
D:5:      layout_cave_pods, minmay_shop_mass, uniq_crazy_yiuf_cottage,
          uniq_eustachio, uniq_edmund
Temple:   nicolae_temple_x_marks_the_god

Skill      XL: |  1  2  3  4  5  6 |
---------------+-------------------+-----
Ranged Weapons | 4 5 6 |  6.3
Fighting       | 3 4 |  4.1
Dodging        | |  1.5
Stealth        | |  1.5

Action                     |  1- 3 |  4- 6 || total
---------------------------+-------+-------++-------
   Fire: Shortbow          |    57 |   133 ||   190
Ability: Spit Poison       |    24 |    39 ||    63
    Use: Scroll            |     5 |     6 ||    11
         Potion            |     3 |     2 ||     5
 Armour: Leather armour    |     8 |    19 ||    27
  Dodge: Dodged            |     7 |    33 ||    40
  Block: Other             |     1 |    13 ||    14

Table legend:
 A = Non-vault XP
 B = Vault XP
 C = Vault XP percentage of total XP
 D = Non-vault monster count
 E = Vault monster count
 F = Vault count percentage of total count
                 A         B        C        D         E       F
            +---------+---------+-------+---------+---------+-------
      Total |     501 |      49 |   8.9 |      51 |      25 |  32.9
            +---------+---------+-------+---------+---------+-------
        D:1 |      14 |       5 |  26.3 |       7 |       3 |  30.0
        D:2 |      87 |      28 |  24.3 |      15 |      14 |  48.3
        D:3 |      67 |      16 |  19.3 |      16 |       8 |  33.3
        D:4 |     215 |       0 |   0.0 |      12 |       0 |   0.0
        D:5 |     118 |       0 |   0.0 |       1 |       0 |   0.0
            +---------+---------+-------+---------+---------+-------
